 Dungeon Sprint DCSS version bcrawl-1.28.1b (webtiles) character file.

Game seed: 14278679464604803486

2152180 Kobol5 the Ruinous (level 13, -4/86 HPs)
             Began as a Fairy Air Elementalist on Dec 2, 2020.
             Was the Champion of Makhleb.
             Killed by divine providence
             ... invoked by Saint Roka
              (11 damage)
             ... in the Dungeon (Sprint IX: "|||||||||||||||||||||||||||||").
             The game lasted 00:08:16 (1816 turns).

Kobol5 the Ruinous (Fairy Air Elementalist)         Turns: 1816, Time: 00:08:17

Health: -4/86      AC: 12    Str:  9    XL:     13   Next: 2%
Magic:  3/31       EV: 25    Int: 34    God:    Makhleb [******]
Gold:   993        SH:  7    Dex: 14    Spells: 31/37 levels left

rFire    . . .     SeeInvis +   C - +7 scimitar of Noxzi {venom, rElec rN++ Int+2 Stlth-}
rCold    . . .     Gourm    .   (shield restricted)
rNeg     + + .     Faith    .   (armour unavailable)
rPois    .         Spirit   .   F - +0 hat {Int+3}
rElec    +         Reflect  .   D - scarf {repulsion}
rCorr    .         Harm     .   G - +2 pair of gloves {Str+3}
MR       +....     NoTele   +   (no boots)
Stlth    ..........             A - amulet of regeneration
HPRegen  0.33/turn              H - ring "Jefair" {Int+6 SInv}
MPRegen  0.22/turn              t - +2 ring of protection

@: lethally poisoned (-4 -> -5), flying evasively, repel missiles
A: small, magic attunement, unstealthy, unfitting armour, able to fly, AC/SH +7
a: Stop Flying, Minor Destruction, Lesser Servant of Makhleb, Major Destruction,
Greater Servant of Makhleb, Renounce Religion


You were in the Dungeon.
You worshipped Makhleb.
Makhleb was exalted by your worship.
You were not hungry.

You visited 1 branch You collected 1932 gold pieces.
You spent 939 gold pieces at shops.

Inventory:

Hand Weapons
 o - a +2 rapier of electrocution
 p - a +2 scimitar of holy wrath
 u - a +2 morningstar of protection
 C - the +7 scimitar of Noxzi (weapon) {venom, rElec rN++ Int+2 Stlth-}
   (You found it in the Dungeon)

   It poisons the flesh of those it strikes.
   It affects your intelligence (+2).
   It insulates you from electricity.
   It greatly protects you from negative energy.
   It makes you less stealthy.
Armour
 r - a +0 cloak
 D - a scarf of repulsion (worn)
 F - a +0 hat of intelligence (worn)
 G - a +2 pair of gloves of strength (worn)
Magical Staves
 n - an uncursed staff of power
Jewellery
 a - an uncursed ring of fire
 q - an uncursed ring of poison resistance
 s - a +2 ring of evasion
 t - a +2 ring of protection (right hand)
 A - an amulet of regeneration (around neck)
 B - an uncursed ring of protection from cold
 H - the ring "Jefair" (left hand) {Int+6 SInv}
   (You bought it in a shop in the Dungeon)

   [ring of see invisible]

   It affects your intelligence (+6).
   It lets you see invisible.
Wands
 m - a wand of iceblast (1)
Scrolls
 k - 3 scrolls of remove curse
 l - 2 scrolls of amnesia
 v - a scroll of magic mapping
 w - 8 scrolls of enchant armour
 x - 2 scrolls of fear
 y - 2 scrolls of blinking
 I - 2 scrolls of fog
Potions
 b - a potion of flight
 c - 7 potions of heal wounds
 d - 5 potions of curing
 f - 2 potions of brilliance
 g - 3 potions of magic
 h - 4 potions of berserk rage
 i - a potion of mutation
 j - a potion of invisibility
 z - a potion of might
 E - a potion of agility
Comestibles
 e - 12 rations {!d}
 J - 2 chunks of flesh


   Skills:
 + Level 7.4 Fighting
 + Level 12.4 Dodging
 - Level 1.5 Stealth
 + Level 12.8 Spellcasting
 * Level 23.7 Conjurations
 + Level 20.9 Air Magic


You had 31 spell levels left.
You knew the following spells:

 Your Spells              Type           Power        Failure   Level  Hunger
a - Shock                 Conj/Air       #####        0%          1    None
b - Lightning Bolt        Conj/Air       ########..   0%          5    None

Your spell library contained the following spells:

 Spells                   Type           Power        Failure   Level  Hunger
 Static Discharge         Air            ########     0%          3    None
 Airstrike                Air            ########..   0%          4    None
 Swiftness                Chrm/Air       #######.     1%          2    None


Dungeon Overview and Level Annotations

Branches:
Dungeon (1/1)

Altars:
Cheibriados
Dithmenos
Elyvilon
Fedhas
Gozag
Hepliaklqana
Kikubaaqudgha
Lugonu
Makhleb
Nemelex Xobeh
Okawaru
Qazlal
Ru
Sif Muna
Trog
Uskayaw
Vehumet
Wu Jian
Xom
Yredelemnul
Zin
The Shining One
Beogh
Jiyva

Shops:
D =}?[

Annotations:
D Saint Roka


Innate Abilities, Weirdness & Mutations

Your spells do not cause hunger and MP costs are reduced by 1.
Your bright wings attract enemies. (Stealth-)
You cannot fit into any form of body armour.
Your shimmering scales are hard and can block incoming attacks. (AC +7, SH +7)
You are small and have problems with some larger weapons.
You can fly continuously.


Message History

Saint Roka mumbles some strange prayers to Beogh against you.
Beogh smites you!
You feel sick.
Casting: Lightning Bolt (safe; 0% risk of failure)
Confirm with . or Enter, or press ? or * to list all spells.
Aiming: Shock (safe; 0% risk of failure)
Press: ? - help, Shift-Dir - straight line, f/p - Saint Roka
Aim: Saint Roka, wielding a +2 war axe of freezing and wearing a +1 plate armour of cold resistance (almost dead)
The zap hits Saint Roka.
Saint Roka is almost dead.
You feel sick.
Saint Roka mumbles some strange prayers to Beogh against you.
Beogh smites you!
* * * LOW HITPOINT WARNING * * *
Saint Roka mumbles some strange prayers to Beogh against you.
Beogh smites you!
* * * LOW HITPOINT WARNING * * *
Saint Roka calls down the wrath of Beogh upon you.
Beogh smites you!
You die...

▓.▓.▓.▓.▓.▓.▓.▓_▓
▓.▓[▓.▓.▓.▓†▓.▓_▓
▓.▓[▓.▓)▓.▓.▓.▓_▓
▓.▓[▓.▓)▓.▓.▓.▓_▓
▓o▓[▓.▓)▓.▓.▓.▓_▓
▓.▓[▓.▓.▓.▓.▓.▓_▓
▓.▓[▓.▓)▓.▓'▓.▓_▓
▓.▓.▓.▓)▓.▓.▓.▓_▓
▓@▓.▓.▓.▓.▓.▓.▓_▓
▓.▓)▓.▓)▓.▓†▓.▓_▓
♣.▓.▓.▓.▓.▓÷▓.▓_▓
♣.▓.▓.▓†▓.▓÷▓.▓_▓
♣.▓.▓.▓)▓.▓.▓.▓_▓
♣.▓.▓.▓)▓.▓.▓.▓_▓
♣.▓.▓.▓.▓.▓.▓.▓_▓
♣.▓(▓.▓)▓.▓†▓.▓_▓
♣.▓.▓.▓)▓.▓'▓.▓'▓


You could see Saint Roka.

Vanquished Creatures
  A stone giant (D)
  A very ugly thing (D)
  A deep elf demonologist (D)
  A fire dragon (D)
  An ice dragon (D)
  A rakshasa (D)
  2 hydras (D)
  Psyche (D)
  A centaur warrior (D)
  A death yak (D)
  7 orc high priests (D)
  An ugly thing (D)
  A manticore (D)
  8 elephants (D)
  2 black mambas (D)
  3 cane toads (D)
  A yaktaur (D)
  A tengu conjurer (D)
  A troll (D)
  A polar bear (D)
  2 slime creatures (D)
  A hippogriff (D)
  Eustachio (D)
  A wyvern (D)
  2 yaks (D)
  2 basilisks (D)
  2 crocodiles (D)
  2 water moccasins (D)
  3 porcupines (D)
  A sky beast (D)
  16 orc warriors (D)
  An ice beast (D)
  A wolf (D)
  A scorpion (D)
  A crimson imp (D)
  A jelly (D)
  6 orc wizards (D)
  9 orc priests (D)
  A worker ant (D)
  An adder (D)
  An ooze (D)
  A leopard gecko (D)
  7 orcs (D)
  2 bat skeletons (D)
  A goblin (D)
  A hobgoblin (D)
  A ball python (D)
  A frilled lizard (D)
  A giant cockroach zombie (D)
  A quokka zombie (D)
109 creatures vanquished.

Notes
Turn   | Place    | Note
-------+----------+-------------------------------------------
     0 | D        | Kobol5 the Fairy Air Elementalist began the quest for the
                  | Orb.
     0 | D        | Reached XP level 1. HP: 11/11 MP: 6/6
     7 | D        | Reached skill level 2 in Conjurations
     8 | D        | Reached skill level 5 in Air Magic
     8 | D        | Reached XP level 2. HP: 17/17 MP: 8/8
   115 | D        | Noticed a crimson imp
   115 | D        | Noticed an ice beast
   122 | D        | Killed an ice beast
   123 | D        | Reached skill level 5 in Spellcasting
   123 | D        | Reached skill level 4 in Conjurations
   123 | D        | Reached XP level 3. HP: 19/21 MP: 8/11
   123 | D        | Reached XP level 4. HP: 25/27 MP: 9/13
   124 | D        | Reached skill level 5 in Dodging
   124 | D        | Reached skill level 5 in Conjurations
   124 | D        | Reached XP level 5. HP: 29/31 MP: 10/15
   131 | D        | Learned a level 5 spell: Lightning Bolt
   151 | D        | Found a roughly hewn altar of Beogh.
   151 | D        | Found a snail-covered altar of Cheibriados.
   151 | D        | Found a shadowy altar of Dithmenos.
   151 | D        | Found a white marble altar of Elyvilon.
   151 | D        | Found a blossoming altar of Fedhas.
   151 | D        | Found an opulent altar of Gozag.
   152 | D        | Found a hazy altar of Hepliaklqana.
   153 | D        | Found a viscous altar of Jiyva.
   154 | D        | Found an ancient bone altar of Kikubaaqudgha.
   155 | D        | Found a corrupted altar of Lugonu.
   156 | D        | Found a burning altar of Makhleb.
   157 | D        | Found a sparkling altar of Nemelex Xobeh.
   158 | D        | Found an iron altar of Okawaru.
   159 | D        | Found a stormy altar of Qazlal.
   160 | D        | Found a sacrificial altar of Ru.
   161 | D        | Found a shimmering blue altar of Sif Muna.
   162 | D        | Found a bloodstained altar of Trog.
   163 | D        | Found a hide-covered altar of Uskayaw.
   164 | D        | Became a worshipper of Makhleb the Destroyer
   165 | D        | Found a radiant altar of Vehumet.
   166 | D        | Found an ornate altar of the Wu Jian Council.
   167 | D        | Found a shimmering altar of Xom.
   168 | D        | Found a basalt altar of Yredelemnul.
   169 | D        | Found a glowing silver altar of Zin.
   170 | D        | Found a glowing golden altar of the Shining One.
   225 | D        | Noticed a troll
   225 | D        | Noticed a cyan ugly thing
   225 | D        | Noticed a slime creature
   225 | D        | Noticed a five-headed hydra
   227 | D        | Killed a troll
   228 | D        | Reached skill level 7 in Conjurations
   228 | D        | Reached XP level 6. HP: 32/42 MP: 7/18
   232 | D        | Reached * piety under Makhleb
   260 | D        | Killed a cyan ugly thing
   261 | D        | Reached skill level 5 in Fighting
   261 | D        | Reached skill level 8 in Conjurations
   261 | D        | Reached XP level 7. HP: 27/50 MP: 3/21
   266 | D        | Killed a slime creature
   267 | D        | Reached skill level 9 in Conjurations
   267 | D        | Reached XP level 8. HP: 43/56 MP: 4/23
   284 | D        | Killed a five-headed hydra
   284 | D        | Reached ** piety under Makhleb
   285 | D        | Reached skill level 10 in Spellcasting
   285 | D        | Reached skill level 10 in Conjurations
   285 | D        | Reached XP level 9. HP: 51/63 MP: 2/25
   389 | D        | Noticed a centaur warrior
   391 | D        | Reached skill level 11 in Conjurations
   391 | D        | Killed a centaur warrior
   391 | D        | Reached *** piety under Makhleb
   392 | D        | Reached skill level 12 in Conjurations
   392 | D        | Reached skill level 15 in Air Magic
   396 | D        | Reached skill level 13 in Conjurations
   559 | D        | Noticed a cane toad
   561 | D        | Reached **** piety under Makhleb
   562 | D        | Killed a cane toad
   563 | D        | Reached skill level 14 in Conjurations
   563 | D        | Reached XP level 10. HP: 69/69 MP: 13/26
   565 | D        | Noticed a cane toad
   568 | D        | Reached ***** piety under Makhleb
   569 | D        | Reached skill level 10 in Dodging
   569 | D        | Killed a cane toad
   570 | D        | Reached skill level 15 in Conjurations
   637 | D        | Noticed a black mamba
   637 | D        | Noticed a black mamba
   637 | D        | Noticed a death yak
   638 | D        | Killed a black mamba
   641 | D        | Killed a death yak
   642 | D        | Reached skill level 16 in Conjurations
   645 | D        | Noticed a cane toad
   647 | D        | Killed a black mamba
   647 | D        | Reached ****** piety under Makhleb
   651 | D        | Killed a cane toad
   652 | D        | Reached skill level 17 in Conjurations
   712 | D        | Noticed an elephant
   712 | D        | Noticed an elephant
   712 | D        | Noticed an elephant
   712 | D        | Noticed an elephant
   712 | D        | Noticed an elephant
   712 | D        | Noticed an elephant
   714 | D        | Killed an elephant
   714 | D        | Killed an elephant
   715 | D        | Reached XP level 11. HP: 66/74 MP: 18/27
   717 | D        | Reached skill level 18 in Conjurations
   740 | D        | Reached skill level 19 in Conjurations
  1076 | D        | Reached skill level 20 in Conjurations
  1112 | D        | Found Haoheguck's Jewellery Emporium.
  1112 | D        | Noticed an orc high priest
  1112 | D        | Noticed an orc high priest
  1113 | D        | Noticed an orc high priest
  1114 | D        | Killed an orc high priest
  1115 | D        | Noticed an orc high priest
  1116 | D        | Killed an orc high priest
  1118 | D        | Killed an orc high priest
  1121 | D        | Killed an orc high priest
  1121 | D        | Noticed an orc high priest
  1122 | D        | Reached skill level 21 in Conjurations
  1123 | D        | Noticed an orc high priest
  1128 | D        | Killed an orc high priest
  1128 | D        | Killed an orc high priest
  1129 | D        | Reached XP level 12. HP: 81/81 MP: 6/28
  1193 | D        | Noticed an orc high priest
  1197 | D        | Killed an orc high priest
  1224 | D        | Found Jinninox's Gadget Shoppe.
  1228 | D        | Found Guvuaguw's Magic Scroll Emporium.
  1231 | D        | Found Jinodiof's Armour Shoppe.
  1282 | D        | Bought a +0 hat of intelligence for 154 gold pieces
  1282 | D        | Bought a +2 pair of gloves of strength for 301 gold pieces
  1288 | D        | Bought a scroll of blinking for 82 gold pieces
  1292 | D        | Bought the ring "Jefair" {Int+6 SInv} for 402 gold pieces
  1347 | D        | Noticed Eustachio
  1356 | D        | Killed Eustachio
  1356 | D        | Noticed Psyche
  1360 | D        | Killed Psyche
  1361 | D        | Reached skill level 22 in Conjurations
  1476 | D        | Got the +7 scimitar of Noxzi {venom, rElec rN++ Int+2
                  | Stlth-}
  1525 | D        | Noticed a four-headed hydra
  1527 | D        | Killed a four-headed hydra
  1528 | D        | Noticed an ice dragon
  1537 | D        | Noticed a deep elf demonologist
  1539 | D        | Noticed a Hell Sentinel
  1540 | D        | Killed a deep elf demonologist
  1542 | D        | Killed an ice dragon
  1553 | D        | Noticed a purple very ugly thing
  1584 | D        | Killed a purple very ugly thing
  1585 | D        | Reached skill level 23 in Conjurations
  1626 | D        | Noticed a rakshasa
  1632 | D        | Killed a rakshasa
  1633 | D        | Noticed a fire dragon
  1636 | D        | Noticed a stone giant
  1638 | D        | Killed a fire dragon
  1638 | D        | Killed a stone giant
  1639 | D        | Reached XP level 13. HP: 86/86 MP: 3/31
  1796 | D        | Noticed Saint Roka
  1816 | D        | Killed from afar by Saint Roka

Skill      XL: |  1  2  3  4  5  6  7  8  9 10 11 12 |
---------------+-------------------------------------+-----
Dodging        | 3 4 5 6 7 8 9 11 12 | 12.4
Spellcasting   | 3 5 7 8 9 10 12 | 12.8
Air Magic      | 5 8 11 12 13 15 17 19 20 | 20.9
Conjurations   | 2 4 5 7 8 9 10 14 17 21 23 | 23.7
Fighting       | 3 5 6 7 |  7.4
Stealth        | |  1.5

Action                   |  1- 3 |  4- 6 |  7- 9 | 10-12 | 13-15 || total
-------------------------+-------+-------+-------+-------+-------++-------
Melee: Scimitar          |       |       |       |     7 |       ||     7
 Cast: Shock             |    11 |    10 |    11 |    60 |     1 ||    93
       Lightning Bolt    |       |     4 |     9 |    56 |     8 ||    77
Evoke: Wand              |       |     8 |     1 |       |       ||     9
  Use: Scroll            |       |     2 |       |       |       ||     2
       Potion            |       |     1 |       |     1 |       ||     2
  Eat: Chunk             |       |       |       |     3 |     2 ||     5
Armor: Skin              |     4 |       |       |     8 |       ||    12
Dodge: Dodged            |    14 |     4 |     2 |    47 |     3 ||    70
       Deflected         |       |       |       |     1 |     1 ||     2
Block: Other             |     3 |     3 |     1 |    12 |     2 ||    21
